 Dungeon Crawl Stone Soup version 0.27-a0-1308-gc08437e49b (webtiles) character file.

Game seed: 17219324024819249648

112 spiderkeys the Unweaver (level 4, 0/31 HPs)
             Began as an Octopode Abyssal Knight on June 19, 2021.
             Was a Follower of Lugonu.
             Slain by an orc (3 damage)
             ... on level 2 of the Dungeon.
             The game lasted 00:02:45 (2456 turns).

spiderkeys the Unweaver (Octopode Abyssal Knight)   Turns: 2456, Time: 00:02:45

Health: 0/31       AC:  1    Str: 11    XL:     4   Next: 95%
Magic:  7/8        EV: 13    Int: 15    God:    Lugonu [*.....]
Gold:   33         SH:  0    Dex: 11    Spells: 8/8 levels left

rFire    . . .     SeeInvis .   m - +1 mace (holy)
rCold    . . .     Faith    .   (no shield)
rNeg     . . .     Spirit   .   (helmet restricted)
rPois    .         Reflect  .   A - amulet of the acrobat
rElec    .         Harm     .   (no ring)
rCorr    .         Rampage  .   (no ring)
Will     .....                  (no ring)
Stlth    ++........             (no ring)
HPRegen  0.10/turn              (no ring)
MPRegen  0.11/turn              (no ring)
                                (no ring)
                                (no ring)

@: no status effects
A: almost no armour, amphibious, 8 rings, camouflage 1, gelatinous body 1,
(nimble swimmer 1), tentacles
a: Renounce Religion, Depart the Abyss


You were on level 2 of the Dungeon.
You worshipped Lugonu.
Lugonu was aware of your devotion.
You visited 1 branch of the dungeon, and saw 3 of its levels.
You visited the Abyss 1 time.

You collected 33 gold pieces.


Innate Abilities, Weirdness & Mutations

You cannot wear most types of armour.
You are amphibious.
You can wear up to eight rings at the same time.
Your skin changes colour to match your surroundings (Stealth+).
Your rubbery body absorbs attacks. (AC +1, EV +1)
((You are camouflaged near water. (Stealth+)))
You have tentacles for arms and can constrict up to eight enemies at once.


   Skills:
 - Level 3.0 Fighting
 - Level 2.0 Polearms
 - Level 2.3 Dodging
 + Level 2.6 Spellcasting
 + Level 4.0 Invocations


You had 8 spell levels left.
You didn't know any spells.
Your spell library contained the following spells:

 Spells                   Type           Power      Damage    Failure   Level
 Animate Skeleton         Necr           4%         N/A       21%         1
 Apportation              Tloc           4%         N/A       21%         1
 Corona                   Hex            2%         N/A       21%         1
 Summon Small Mammal      Summ           8%         N/A       21%         1
 Call Imp                 Summ           2%         N/A       30%         2
 Call Canine Familiar     Summ           2%         N/A       52%         3
 Summon Guardian Golem    Hex/Summ       2%         N/A       52%         3
 Summon Ice Beast         Ice/Summ       2%         N/A       90%         4
 Summon Lightning Spire   Summ/Air       2%         N/A       90%         4

Inventory:

Hand Weapons
 a - a +2 spear
 m - a +1 mace of holy wrath (weapon)
   (You found it on level 3 of the Dungeon)
Missiles
 c - 71 stones
 g - a throwing net {=f!f}
 h - 35 arrows
Jewellery
 A - an amulet of the acrobat (around mantle)
   (You found it on level 1 of the Abyss)
Scrolls
 f - 2 scrolls of identify {@r1}
 i - 2 scrolls of amnesia
 k - 3 scrolls of teleportation {@r4}
Potions
 b - a potion of curing {unknown}
 d - a potion of flight {unknown}
 e - 3 potions of heal wounds {@q2}
 j - a potion of might {unknown}
 l - a potion of lignification {unknown}

Dungeon Overview and Level Annotations

Branches:
Dungeon (3/15)

Altars:

###...##.....#.##...#######......
......+..##..#.##...# #######
###...#..##..#.....##
#...#......############
######.....##.........#######
#.................. ...#
#.###.#....).....#####.###
#..##.#..........#........
#######.....#..@[........#######
##.....'.....#.).o.......###oo$##
...#####.....#.###.###.#.##.....#
...#...##..#.#.....# #.#.#.......
...#.#.###.#.#..######.#.#.≈...≈.
...#.#.# #.............#.#.......
...#.#.# #..........####.#.......
...†...# #..........# #.#.......
..#.#### #..>.......# #.#.≈...≈o


You could see an orc.


Message History

You hit the endoplasm. The endoplasm freezes you.
You are frozen.
The endoplasm freezes you.
You are frozen. 😕 HP[-7]
You take 7 damage, and now have 24/31 hp.
MASSIVE DAMAGE!! (PAUSE)
You hit the endoplasm but do no damage. The endoplasm barely misses you.
You hit the endoplasm.
You kill the endoplasm!
Lugonu accepts your kill.
Key pressed, stopping explore.
A hobgoblin comes into view.
The hobgoblin shouts! 😎 HP[+7]
Your hp is fully restored (31).
A hobgoblin is nearby!
A hobgoblin is nearby!
The hobgoblin completely misses you.
You hit the hobgoblin but do no damage. You grab the hobgoblin.
You constrict the hobgoblin. The hobgoblin closely misses you.
The hobgoblin hits you. 😕 HP[-3]
You take 3 damage, and now have 28/31 hp.
You hit the hobgoblin. You constrict the hobgoblin.
The hobgoblin hits you. 😕 HP[-2]
You take 2 damage, and now have 26/31 hp.
You hit the hobgoblin.
You kill the hobgoblin!
Lugonu accepts your kill. 😕 HP[+1] No target in view!
No target in view!
You open the door.
Found a stone staircase leading down. 😎 HP[+4]
Your hp is fully restored (31).
A bat comes into view.
Found a stone staircase leading up.
There is an open door here.
A bat is nearby!
You closely miss the bat. You grab the bat. Your squeeze misses the bat.
You constrict the bat.
You kill the bat!
Lugonu accepts your kill.
No target in view!
No target in view!
No target in view!
You see here a bat corpse.
There is a stone staircase leading down here.
Key pressed, stopping explore.
You see here a +0 hand axe.
There is a stone staircase leading down here.
There is a stone staircase leading up here.
There is an open door here.
There is an open door here.
An orc priest is nearby!
The orc priest shouts!
You hear a shout!
The orc priest closely misses you.
The orc priest mumbles some strange prayers to Beogh against you.
Beogh smites you! 😮 HP[-13]
You take 13 damage, and now have 18/31 hp.
MASSIVE DAMAGE!! (PAUSE)
You sock the orc priest! You grab the orc priest. You constrict the orc priest.
The orc priest barely misses you.
The orc priest casts a cantrip, but nothing happens.
The orc priest hits you with a +0 dagger.
* * * LOW HITPOINT WARNING * * *
The orc priest casts a cantrip, but nothing happens. 😨 HP[-3]
You take 3 damage, and now have 15/31 hp.
You hit the orc priest. You constrict the orc priest.
You kill the orc priest!
Lugonu accepts your kill.
Your Invocations skill increases to level 4!
The orc priest invokes the aid of Beogh against you.
Beogh smites you!
* * * LOW HITPOINT WARNING * * *
The orc shouts!
Things that are here:
a +0 dagger; an orc corpse; 😱 HP[-8]
You take 8 damage, and now have 7/31 hp.
MASSIVE DAMAGE!! (PAUSE)
The orc throws a boomerang.
The boomerang misses you. 😨 HP[+1]
The orc priest completely misses you.
You sock the orc priest! You grab the orc priest. You constrict the orc priest.
The orc hits you with a +0 short sword.
* * * LOW HITPOINT WARNING * * *
The orc priest hits you with a +0 club.
* * * LOW HITPOINT WARNING * * *
😱 HP[-5]
You take 5 damage, and now have 3/31 hp.
You sock the orc priest!
You kill the orc priest!
Lugonu accepts your kill. The orc barely misses you.
The orc hits you with a +0 short sword.
You die...

Skill      XL: |  1  2  3  4 |
---------------+-------------+-----
Spellcasting   | 1 2 |  2.6
Invocations    | 3 4 |  4.0
Fighting       | |  3.0
Polearms       | |  2.0
Dodging        | |  2.3

Action                   |  1- 3 |  4- 6 || total
-------------------------+-------+-------++-------
Melee: Spear             |    78 |    16 ||    94
       Constrict         |    16 |     9 ||    25
       Tentacles         |     9 |     2 ||    11
       Mace              |       |    14 ||    14
Invok: Depart the Abyss  |     1 |       ||     1
  Use: Scroll            |     5 |       ||     5
 Stab: Sleeping          |     8 |       ||     8
Armor: Skin              |     9 |     2 ||    11
Dodge: Dodged            |    57 |    14 ||    71

Levels and vault maps discovered:
D:1:      lightli_iron_boxes, layout_loops_ring, ebering_ecumenical_altar_rust,
          minmay_pentomino_v2
D:2:      cheibrodos_pilgrimage, layout_basic
D:3:      layout_rooms, serial_shops, shop, serial_bayou_lagoon_a,
          uniq_crazy_yiuf_cottage

Notes
Turn   | Place    | Note
-------+----------+-------------------------------------------
     0 | Abyss:1  | spiderkeys the Octopode Abyssal Knight began the quest for
                  | the Orb.
     0 | Abyss:1  | Reached XP level 1. HP: 16/16 MP: 2/2
     0 | Abyss:1  | magus.rc [v1.9.10]
   141 | Abyss:1  | Noticed a red devil
   148 | Abyss:1  | Found a corrupted altar of Lugonu.
   200 | Abyss:1  | Noticed a quasit
   210 | D:1      | You pass through the gate.
   210 | D:1      | Escaped the Abyss
   586 | D:1      | You pick up a book of Callings and begin reading...
   586 | D:1      | You add the spells Summon Small Mammal, Call Imp, Call
                  | Canine Familiar, Summon Guardian Golem, Summon Lightning
                  | Spire and Summon Ice Beast to your library.
   603 | D:1      | Reached XP level 2. HP: 21/21 MP: 3/3
   604 | D:1      | Reached skill level 1 in Spellcasting
   679 | D:1      | Reached * piety under Lugonu
   989 | D:1      | Found a faded altar of an unknown god.
  1335 | D:2      | Reached XP level 3. HP: 20/26 MP: 5/5
  1492 | D:2      | Reached skill level 3 in Invocations
  1727 | D:2      | Reached skill level 2 in Spellcasting
  1727 | D:2      | Reached XP level 4. HP: 13/31 MP: 5/7
  1911 | D:2      | You pick up a book of Cantrips and begin reading...
  1911 | D:2      | You add the spells Corona, Animate Skeleton and Apportation
                  | to your library.
  2055 | D:2      | You fall into a shaft and drop 1 floor!
  2452 | D:2      | Reached skill level 4 in Invocations
  2452 | D:2      | HP: 7/31 [orc priest/divine providence (8)]
  2455 | D:2      | HP: 3/31 [orc priest (2)]
  2456 | D:2      | Slain by an orc

Vanquished Creatures
  2 orc priests (D:2)
  An iguana (D:2)
  An adder (D:3)
  A worm (D:2)
  5 endoplasms
  A giant cockroach (D:3)
  2 goblins
  4 hobgoblins
  7 jackals
  4 kobolds
  3 quokkas
  5 ball pythons
  4 bats
  2 frilled lizards
  3 rats
45 creatures vanquished.

Vanquished Creatures (others)
  13 plants (D:3)
13 creatures vanquished.

Grand Total: 58 creatures vanquished

Table legend:
 A = Non-vault XP
 B = Vault XP
 C = Vault XP percentage of total XP
 D = Non-vault monster count
 E = Vault monster count
 F = Vault count percentage of total count
                 A         B        C        D         E       F
            +---------+---------+-------+---------+---------+-------
      Total |     118 |      86 |  42.2 |      42 |       3 |   6.7
            +---------+---------+-------+---------+---------+-------
        D:1 |      25 |       2 |   7.4 |      16 |       1 |   5.9
        D:2 |      70 |      84 |  54.5 |      20 |       2 |   9.1
        D:3 |      23 |       0 |   0.0 |       6 |       0 |   0.0
            +---------+---------+-------+---------+---------+-------

Illustrated notes

Table legend:
 A = Kills in this place as a percentage of kills in entire the game.
 B = Kills by you in this place as a percentage of kills by you in the entire game.
 C = Kills by friends in this place as a percentage of kills by friends in the entire game.
 D = Other kills in this place as a percentage of other kills in the entire game.
 E = Experience gained in this place as a percentage of experience gained in the entire game.
 F = Experience gained in this place divided by the number of levels of this place that you have seen.
                   A       B       C       D       E      F
               +-------+-------+-------+-------+-------+----------------------
         Total | 100.0 | 100.0 |   N/A |   N/A | 100.0 |  51.0
       Dungeon | 100.0 | 100.0 |   N/A |   N/A | 100.0 |  68.0
               +-------+-------+-------+-------+-------+----------------------

Table legend: (Time is in decaauts)
 A = Elapsed time spent in this place.
 B = Non-inter-level travel time spent in this place.
 C = Inter-level travel time spent in this place.
 D = Time resting spent in this place.
 E = Time spent auto-exploring this place.
 F = Levels seen in this place.
 G = Mean time per level.
                   A        B        C        D        E       F      G
               +--------+--------+--------+--------+--------+-----+--------+
         Total |   2460 |   2419 |     41 |     78 |   1964 |   4 |  615.0 |
       Dungeon |   2250 |   2209 |     41 |     78 |   1834 |   3 |  750.0 |
         Abyss |    210 |    210 |      0 |      0 |    130 |   1 |  210.0 |
               +--------+--------+--------+--------+--------+-----+--------+

Top non-repeatable levels by time:
     D:2: 1108 daAuts
     D:1: 1069 daAuts
 Abyss:1: 210 daAuts
     D:3: 72 daAuts
